 Dungeon Crawl Stone Soup version 0.23-a0-629-gae4348f (webtiles) character file.

13217 Atlas the Cleaver (level 11, -9/92 HPs)
             Began as a Pale Draconian Earth Elementalist on Dec 26, 2018.
             Was an Elder of Sif Muna.
             Mangled by a tyrant leech (29 damage)
             ... on level 12 of the Dungeon.
             The game lasted 00:23:52 (17055 turns).

Atlas the Cleaver (DrEE)                           Turns: 17055, Time: 00:23:54

Health: -9/92      AC:  9    Str: 11    XL:     11   Next: 72%
Magic:  18/23      EV: 16    Int: 15    God:    Sif Muna [****..]
Gold:   362        SH:  0    Dex: 12    Spells: 15/26 levels left

rFire    + . .     SeeInvis +   y - +1 broad axe of the Hummingbird {elec, +Blink Int-3 SInv} (curse)
rCold    . . .     Gourm    .   (no shield)
rNeg     . . .     Faith    +   (armour unavailable)
rPois    .         Spirit   .   (helmet restricted)
rElec    .         Reflect  .   (no cloak)
rCorr    .         Harm     .   (no gloves)
MR       .....                  F - +1 pair of boots
Stlth    ++........             a - amulet of faith
HPRegen  0.25/turn              l - ring of protection from fire
MPRegen  0.18/turn              z - +1 ring of evasion

@: short of breath, divine energy
A: breathe steam, unfitting armour, cold-blooded, AC +7
a: Breathe Steam, Stop Divine Energy, Channel Magic, Forget Spell, Renounce
Religion, Evoke Blink


You were on level 12 of the Dungeon.
You worshipped Sif Muna.
Sif Muna was greatly pleased with you.
You were hungry.

You visited 2 branches of the dungeon, and saw 13 of its levels.
You also visited: Bailey.

You collected 761 gold pieces.
You spent 399 gold pieces at shops.

Inventory:

Hand Weapons
 m - a +1 dire flail of protection
 p - a +1 trident of holy wrath
 y - the cursed +1 broad axe of the Hummingbird (weapon) {elec, +Blink Int-3 SInv}
   (You bought it in a shop on level 7 of the Dungeon)

   Occasionally, upon striking a foe, it will discharge some electrical energy
   and cause terrible harm.
   It affects your intelligence (-3).
   It lets you see invisible.
   It lets you blink.
   It has a curse placed upon it.
Missiles
 b - 231 stones (quivered)
Armour
 F - a +1 pair of boots (worn)
Jewellery
 a - an amulet of faith (around neck)
 l - a ring of protection from fire (left hand)
 q - a +2 amulet of reflection
 z - a +1 ring of evasion (right hand)
 B - an uncursed ring of flight
 D - an uncursed ring of see invisible
 I - a +2 ring of strength
Wands
 f - a wand of flame (38)
 k - a wand of polymorph (8)
 t - a wand of acid (5)
 E - a wand of iceblast (20)
 G - a wand of digging (4)
Scrolls
 d - 6 scrolls of teleportation
 g - 2 scrolls of amnesia
 h - 9 scrolls of remove curse
 i - a scroll of magic mapping {unknown}
 j - a scroll of identify
 o - 4 scrolls of enchant weapon
 r - a scroll of vulnerability
 C - a scroll of fear {unknown}
 H - a scroll of fog {unknown}
Potions
 e - 3 potions of haste
 n - 3 potions of flight
 s - a potion of berserk rage
 x - 5 potions of ambrosia
 A - a potion of brilliance
Comestibles
 c - 16 rations
 u - 6 chunks of flesh


   Skills:
 + Level 7.1 Fighting
   Level 2.4 Short Blades
 + Level 8.3(9.5) Axes
 + Level 7.2(9.0) Maces & Flails
 + Level 6.8 Dodging
 - Level 2.7 Stealth
 + Level 1.0 Unarmed Combat
 + Level 8.0 Spellcasting
 + Level 1.7 Conjurations
 + Level 1.0 Transmutations
 + Level 8.2 Earth Magic
 + Level 0.2 Evocations


You had 15 spell levels left.
You knew the following spells:

 Your Spells              Type           Power        Failure   Level  Hunger
a - Sandblast             Erth           ####..       1%          1    None
b - Passwall              Tmut/Erth      ###.....     2%          2    None
c - Stone Arrow           Conj/Erth      ###...       4%          3    ##.....
d - Lee's Rapid Deconstr  Erth           ####......   11%         5    #####..

Your spell library contained the following spells:

 Spells                   Type           Power        Failure   Level  Hunger
 Corona                   Hex            #......      12%         1    None
 Summon Small Mammal      Summ           #...         12%         1    None
 Call Imp                 Summ           #.......     19%         2    None
 Ensorcelled Hibernation  Hex/Ice        #.....       19%         2    None
 Petrify                  Tmut/Erth      ###.....     19%         4    ####...
 Dazzling Spray           Conj/Hex       #.....       26%         3    ##.....
 Call Canine Familiar     Summ           #.......     34%         3    ##.....
 Confuse                  Hex            #.......     34%         3    ##.....
 Summon Guardian Golem    Hex/Summ       #.......     34%         3    ##.....
 Tukima's Dance           Hex            #.......     34%         3    ##.....
 Summon Ice Beast         Ice/Summ       #.......     75%         4    ####...
 Summon Lightning Spire   Summ/Air       #.......     75%         4    ####...


Dungeon Overview and Level Annotations

Branches:
Dungeon (12/15)            Temple (1/1) D:5            Lair (0/6) D:10
    Orc (0/2) D:9

Altars:
Ashenzari
Cheibriados
Dithmenos
Elyvilon
Fedhas
Gozag
Hepliaklqana
Kikubaaqudgha
Makhleb
Nemelex Xobeh
Okawaru
Qazlal
Ru
Sif Muna
Trog
Uskayaw
Vehumet
Wu Jian
Xom
Yredelemnul
Zin
The Shining One

Shops:
D:7 *


Innate Abilities, Weirdness & Mutations

You can breathe blasts of scalding, opaque steam.
Your pale cyan-grey scales are hard. (AC +7)
You cannot fit into any form of body armour.
You are cold-blooded and may be slowed by cold attacks.


Message History

The tyrant leech is engulfed in a cloud of scalding steam.
You closely miss the tyrant leech.
The tyrant leech is moderately wounded.
The tyrant leech is engulfed in a cloud of scalding steam.
The tyrant leech bites you!!
* * * LOW HITPOINT WARNING * * *
The tyrant leech draws strength from your injuries!
Unknown command.
Casting: Lee's Rapid Deconstruction (safe; 11% risk of failure)
Confirm with . or Enter, or press ? or * to list all spells.
Aiming: Lee's Rapid Deconstruction (safe; 11% risk of failure)
Press: ? - help, Dir - move target cursor, p - tyrant leech A rock wall.
The wall shatters!
The blast of rock fragments hits the tyrant leech.
The tyrant leech is heavily wounded.
You are feeling hungry.
The tyrant leech is engulfed in a cloud of scalding steam.
The tyrant leech bites you!!
You die...

.....# #.##.##...##.###
#.##.# #............. #.##.#
#.##.##...##.#.# ##.##.#
####......w....##
####...#.####................
#...).......÷....###......o..
#.##....<####.#### ####..#...
#.#####..# #.# ....#F ##.#
#..# #@# ..w.. ##..#####..#
#w#### ≈≈≈≈≈ #......##..#
#§§..# ≈≈≈≈ #......##..#
#.§<..#. ≈##### #.._...##..#
#.......# ≈#≈ #......##..#
#.....### ≈≈≈≈
#.........>####.....>..≈≈P#
#########...........#.#≈≈≈
###########.####.........


You could see a tyrant leech.

Vanquished Creatures
  An unseen horror (D:11)
  An ugly thing (D:12)
  A gargoyle (D:12)
  2 komodo dragons (D:10)
  3 tyrant leeches
  7 trolls
  Prince Ribbit (D:6)
  Grinder (D:3)
  3 hippogriffs (D:11)
  5 yaks (D:12)
  Grum (D:9)
  2 swamp worms (D:11)
  Edmund (D:3)
  A water moccasin (D:6)
  3 ice beasts
  3 orc warriors
  2 sky beasts
  2 black bears
  2 phantoms
  6 ogres
  6 centaurs
  4 wolves (D:9)
  A crocodile (D:9)
  3 big kobolds
  8 gnoll sergeants (Bailey)
  8 bullfrogs
  2 wyvern skeletons
  3 scorpions
  3 killer bees (D:10)
  7 wights
  A howler monkey (D:12)
  4 bullfrog zombies
  2 crimson imps
  9 hounds
  A quasit (D:11)
  A centaur zombie (D:9)
  5 centaur skeletons
  A bullfrog skeleton (D:11)
  6 gnoll shamans (Bailey)
  3 jellies
  An orc priest (D:7)
  8 orc wizards
  2 iguanas
  3 worker ants
  A worker ant zombie (D:5)
  17 gnolls
  A howler monkey skeleton (D:8)
  12 adders
  6 shadow imps
  3 oozes
  An adder skeleton (D:6)
  An adder zombie (D:6)
  2 dart slugs
  5 leopard geckos
  37 orcs
  2 ball pythons
  5 giant cockroaches
  11 goblins
  8 hobgoblins
  8 jackals
  17 kobolds
  3 quokkas
  6 bats
  6 frilled lizards
  A leopard gecko skeleton (D:7)
  9 rats
302 creatures vanquished.

Vanquished Creatures (others)
  4 plants
4 creatures vanquished.

Grand Total: 306 creatures vanquished

Notes
Turn   | Place    | Note
-------+----------+-------------------------------------------
     0 | D:1      | Atlas the Draconian Earth Elementalist began the quest for
                  | the Orb.
     0 | D:1      | Reached XP level 1. HP: 14/14 MP: 3/3
   355 | D:1      | Reached XP level 2. HP: 20/20 MP: 3/5
  1142 | D:1      | Reached XP level 3. HP: 26/26 MP: 4/6
  1175 | D:1      | Learned a level 2 spell: Passwall
  1179 | D:1      | Learned a level 3 spell: Stone Arrow
  1647 | D:2      | Found a shadowy altar of Dithmenos.
  2685 | D:3      | Reached XP level 4. HP: 24/33 MP: 8/8
  3026 | D:3      | Reached skill level 1 in Unarmed Combat
  3305 | D:3      | Found a white marble altar of Elyvilon.
  3399 | D:3      | Reached skill level 1 in Fighting
  3399 | D:3      | Reached XP level 5. HP: 27/40 MP: 9/9
  3585 | D:3      | Noticed Grinder
  3602 | D:3      | Killed Grinder
  3602 | D:3      | Reached skill level 1 in Short Blades
  3602 | D:3      | Reached XP level 6. HP: 22/48 MP: 0/11
  4134 | D:4      | Noticed Edmund
  4172 | D:3      | Killed Edmund
  4741 | D:4      | Your scales start taking on a pale cyan-grey colour.
  4741 | D:4      | Reached XP level 7. HP: 36/56 MP: 0/12
  4938 | D:4      | Reached skill level 1 in Conjurations
  4961 | D:4      | Found a bloodstained altar of Trog.
  5346 | D:4      | Found an opulent altar of Gozag.
  5349 | D:4      | Found a sparkling altar of Nemelex Xobeh.
  5352 | D:4      | Found a shimmering altar of Xom.
  5355 | D:4      | Found a basalt altar of Yredelemnul.
  5537 | D:4      | Found an iron altar of Okawaru.
  5642 | D:5      | Entered Level 5 of the Dungeon
  6066 | D:5      | Found a glowing silver altar of Zin.
  6086 | D:5      | Reached skill level 1 in Maces & Flails
  6086 | D:5      | Reached skill level 5 in Earth Magic
  6380 | D:5      | Reached XP level 8. HP: 61/63 MP: 11/15
  6528 | D:5      | Found a staircase to the Ecumenical Temple.
  6540 | Temple   | Entered the Ecumenical Temple
  6576 | Temple   | Became a worshipper of Sif Muna the Loreminder
  6876 | D:6      | Reached skill level 5 in Spellcasting
  7400 | D:6      | Noticed Prince Ribbit
  7425 | D:6      | Killed Prince Ribbit
  7560 | D:7      | Found a flagged portal.
  7595 | Bailey   | Entered a bailey
  7605 | Bailey   | Reached skill level 5 in Maces & Flails
  7863 | Bailey   | Reached XP level 9. HP: 68/71 MP: 6/16
  8649 | Bailey   | Learned a level 5 spell: Lee's Rapid Deconstruction
  8771 | Bailey   | Identified the +4 ring mail of Evolution {rCorr}
  9208 | D:7      | Reached * piety under Sif Muna
  9470 | D:7      | Found Veaq's Assorted Antiques.
  9584 | D:7      | Bought a polished broad axe for 189 gold pieces
  9584 | D:7      | Bought a potion of haste for 210 gold pieces
  9584 | D:7      | Identified the cursed +1 broad axe of the Hummingbird
                  | {elec, +Blink Int-3 SInv} (You bought it in a shop on level
                  | 7 of the Dungeon)
  9691 | D:7      | Reached skill level 5 in Dodging
  9703 | D:7      | Found a stormy altar of Qazlal.
  9803 | D:8      | Reached skill level 1 in Axes
  9911 | D:8      | Reached skill level 5 in Fighting
 10129 | D:8      | Found a basalt altar of Yredelemnul.
 10203 | D:8      | Found a snail-covered altar of Cheibriados.
 10330 | D:8      | Found a radiant altar of Vehumet.
 10602 | D:9      | Reached XP level 10. HP: 72/81 MP: 12/19
 10630 | D:9      | Noticed Grum
 10645 | D:9      | Killed Grum
 10692 | D:9      | Reached ** piety under Sif Muna
 10792 | D:9      | Found a staircase to the Orcish Mines.
 10967 | D:9      | Found a white marble altar of Elyvilon.
 11342 | D:10     | Entered Level 10 of the Dungeon
 12079 | D:10     | Reached skill level 5 in Axes
 12510 | D:10     | Found a staircase to the Lair.
 13198 | D:11     | Reached *** piety under Sif Muna
 13518 | D:11     | Noticed an unseen horror
 13529 | D:11     | Killed an unseen horror
 13529 | D:11     | Reached XP level 11. HP: 67/91 MP: 17/21
 14881 | D:12     | Noticed a brown ugly thing
 14896 | D:12     | Killed a brown ugly thing
 15719 | D:12     | Found a sparkling altar of Nemelex Xobeh.
 15760 | D:12     | Reached **** piety under Sif Muna
 17055 | D:12     | Mangled by a tyrant leech

Vault maps used:
D:1:      lightli_arrival_quake, serial_rivers, chequers_serial_rivers_marsh,
          chequers_serial_rivers_micro_b, chequers_serial_rivers_marsh,
          chequers_serial_rivers_micro_e, chequers_serial_rivers_micro_e,
          serial_park_tiny_2, serial_park_tiny_1, st_stairs_5
D:2:      grunt_dithmenos_smoke
D:3:      hangedman_abyss_or_decor_stabs, elyvilon_altar_5, uniq_grinder
D:4:      lemuel_round_altar, lemuel_round_altar,
          grunt_temple_overflow_cloverleaf, first_ration, uniq_edmund
D:5:      zin_treasury, temple_statues
D:6:      grunt_decor_fettered, uniq_prince_ribbit1
D:7:      lemuel_coloured_pillars_altar, enter_bailey_6, serial_shops, shop
D:8:      kennysheep_little_box, fiery_altar_vehumet, basic_altar
D:9:      nicolae_overflow_hidden_temple, orc_0_dummy, blue_anna_alchemist,
          uniq_grum
D:10:     david_lair_shrubbed
D:12:     basic_altar, serial_shops, nicolae_shop_overgrown_old_shop,
          worms_lemuel
Temple:   eino_wide_crystal_templ
Bailey:   bailey_polearm_gnolls_kennysheep, bailey

Skill      XL: |  1  2  3  4  5  6  7  8  9 10 11 |
---------------+----------------------------------+-----
Dodging        | 2 3 4 5 6 |  6.8
Stealth        | 2 |  2.7
Unarmed Combat | 1 |  1.0
Spellcasting   | 3 4 5 6 7 8 |  8.0
Fighting       | 1 2 3 4 5 6 7 |  7.1
Earth Magic    | 4 5 6 7 8 |  8.2
Short Blades   | 1 2 |  2.4
Conjurations   | 1 |  1.7
Maces & Flails | 1 5 7 |  7.2
Axes           | 2 7 8 |  8.3
Transmutations | |  1.0
Evocations     | |  0.2

Action                   |  1- 3 |  4- 6 |  7- 9 | 10-12 || total
-------------------------+-------+-------+-------+-------++-------
Melee: Unarmed           |    46 |       |       |       ||    46
       Tailslap          |     9 |     6 |    43 |    30 ||    88
       Dagger            |    70 |    90 |    17 |       ||   177
       Dire flail        |       |    36 |   267 |       ||   303
       Broad axe         |       |       |    61 |   353 ||   414
 Cast: Sandblast         |    36 |    17 |    68 |    45 ||   166
       Stone Arrow       |     9 |     7 |    16 |    13 ||    45
       Lee's Rapid Decon |       |       |     4 |    16 ||    20
Invok: Divine Energy     |       |       |       |     1 ||     1
 Abil: Breathe Steam     |       |       |    13 |    15 ||    28
Evoke: Wand              |       |     1 |       |       ||     1
  Use: Scroll            |       |     8 |     7 |     5 ||    20
       Potion            |       |       |       |     2 ||     2
 Stab: Sleeping          |     1 |     3 |     3 |     9 ||    16
       Distracted        |       |       |     1 |     1 ||     2
  Eat: Chunk             |     5 |     4 |    21 |    16 ||    46
       Ration            |     1 |     1 |       |     4 ||     6
Armor: Skin              |    30 |    29 |   130 |   125 ||   314
Dodge: Dodged            |    73 |    82 |   337 |   398 ||   890
Block: Other             |       |       |    26 |     5 ||    31

Table legend:
 A = Non-vault XP
 B = Vault XP
 C = Vault XP percentage of total XP
 D = Non-vault monster count
 E = Vault monster count
 F = Vault count percentage of total count
                 A         B        C        D         E       F
            +---------+---------+-------+---------+---------+-------
      Total |   14626 |    4256 |  22.5 |     255 |      47 |  15.6
            +---------+---------+-------+---------+---------+-------
        D:1 |      54 |       3 |   5.3 |      25 |       2 |   7.4
        D:2 |      36 |       0 |   0.0 |      18 |       0 |   0.0
        D:3 |     147 |     443 |  75.1 |      26 |       2 |   7.1
        D:4 |     309 |       0 |   0.0 |      11 |       0 |   0.0
        D:5 |     728 |       0 |   0.0 |      23 |       0 |   0.0
        D:6 |     598 |     291 |  32.7 |      16 |       1 |   5.9
        D:7 |     933 |       0 |   0.0 |      16 |       0 |   0.0
        D:8 |     435 |       0 |   0.0 |       8 |       0 |   0.0
        D:9 |    1013 |     737 |  42.1 |      17 |       6 |  26.1
       D:10 |    2227 |     338 |  13.2 |      29 |       1 |   3.3
       D:11 |    4548 |     932 |  17.0 |      37 |       4 |   9.8
       D:12 |    3598 |     297 |   7.6 |      29 |       1 |   3.3
     Bailey |       0 |    1215 | 100.0 |       0 |      30 | 100.0
            +---------+---------+-------+---------+---------+-------
